[Event "Titled Tuesday Blitz August 08 Late 2023"]
[White "Mitrabha, Guha"]
[Black "Morefield, Jason"]
[WhiteFideId "5057000"]
[BlackFideId "30920825"]
[WhiteElo "2841"]
[BlackElo "2720"]
[Result "0-1"]
[Round "7"]
[TimeControl "180+1"]
[Date "2023.08.08"]
[WhiteClock "0:02:13"]
[BlackClock "0:01:10"]
[Board "22"]

1. Nf3 d5 2. c4 c6 3. cxd5 cxd5 4. d4 Nf6 5. Nc3 Nc6 6. Bf4 a6 7. e3 Bf5 8. Ne5 Rc8 9. Qa4 Qb6 10. Qb3 Qxb3 11. axb3 Nb4 12. O-O-O Ne4 13. f3 Na2+ 14. Kb1 Nexc3+ 15. Ka1 Nxd1 16. Kxa2 Rc2 17. Bd3 Rxb2+ 18. Ka1 Bxd3 19. Nxd3 Rd2 20. Nc5 Nc3 0-1


[Site "https://www.chess.com"]

[Event "Titled Tuesday Blitz August 08 Late 2023"]
[White "Gadimbayli, Abdulla"]
[Black "GaiozNigalidze"]
[WhiteFideId "13404938"]
[WhiteElo "2839"]
[BlackElo "2450"]
[Result "1-0"]
[Round "7"]
[TimeControl "180+1"]
[Date "2023.08.08"]
[WhiteClock "0:00:17"]
[BlackClock "0:00:20"]
[Board "23"]

1. e4 c5 2. Nf3 Nc6 3. Bb5 e5 4. O-O Bd6 5. b4 Nxb4 6. c3 Nc6 7. d4 a6 8. dxe5 Nxe5 9. Ba4 Nxf3+ 10. Qxf3 Ne7 11. Bg5 O-O 12. Nd2 Bc7 13. Rad1 f6 14. Be3 Ng6 15. Qh5 b6 16. Qd5+ Kh8 17. Qxa8 Qe7 18. Qd5 b5 19. Bc2 d6 20. Qh5 Ne5 21. h3 g6 22. Qe2 Be6 23. f4 Nf7 24. Nf3 Bxa2 25. Ra1 Be6 26. Rxa6 Qd8 27. Rd1 b4 28. Bxc5 b3 29. Bb1 Qc8 30. Bd4 Kg8 31. f5 gxf5 32. exf5 Bxf5 33. Bxf5 Qxf5 34. Qc4 b2 35. Qxc7 b1=Q 36. Rxb1 Qxb1+ 37. Kh2 Qd3 38. Ra7 Qf5 39. Qe7 Qf4+ 40. Kh1 Qc1+ 41. Ng1 Qf4 42. Bxf6 Qxf6 43. Qxf6 Rc8 44. Qxf7+ Kh8 45. Qg7# 1-0


[Site "https://www.chess.com"]

[Event "Titled Tuesday Blitz August 08 Late 2023"]
[White "szachmistrz2500"]
[Black "Martinez Alcantara, Jose Eduardo"]
[BlackFideId "3805662"]
[WhiteElo "2484"]
[BlackElo "3030"]
[Result "0-1"]
[Round "7"]
[TimeControl "180+1"]
[Date "2023.08.08"]
[WhiteClock "0:01:17"]
[BlackClock "0:02:07"]
[Board "24"]

1. d4 Nf6 2. Nf3 e6 3. c4 Bb4+ 4. Nbd2 O-O 5. a3 Be7 6. e4 d6 7. Bd3 a5 8. Qe2 e5 9. dxe5 dxe5 10. Nxe5 Re8 11. O-O Bc5 12. Nef3 Nc6 13. e5 Bg4 14. h3 Nxe5 15. hxg4 Nxd3 16. Qd1 Nxg4 17. Nb3 Bxf2+ 18. Kh1 Re5 19. Bf4 Rh5+ 20. Bh2 Nxh2 21. Nxh2 Rxh2+ 22. Kxh2 Qh4# 0-1


[Site "https://www.chess.com"]

[Event "Titled Tuesday Blitz August 08 Late 2023"]
[White "Tari, Aryan"]
[Black "Eugene, Floryan"]
[WhiteFideId "1510045"]
[BlackFideId "20694784"]
[WhiteElo "2899"]
[BlackElo "2666"]
[Result "1-0"]
[Round "7"]
[TimeControl "180+1"]
[Date "2023.08.08"]
[WhiteClock "0:01:29"]
[BlackClock "0:00:13"]
[Board "25"]

1. e4 c5 2. Nf3 Nc6 3. Bc4 e6 4. O-O g6 5. d4 cxd4 6. Nxd4 Nxd4 7. Qxd4 Qf6 8. e5 Qe7 9. Nc3 Nh6 10. Ne4 Bg7 11. Bg5 Nf5 12. Qd2 Qf8 13. Rad1 Bxe5 14. Nf6+ Bxf6 15. Bxf6 Rg8 16. Bb5 Qc5 17. Bxd7+ Kf8 18. Bxc8 Qxc8 19. Qb4+ Ke8 20. Rd3 g5 21. Rfd1 Rg6 22. Qb5+ Kf8 23. Qc5+ Kg8 24. Qxc8+ Rxc8 25. Rd8+ Rxd8 26. Rxd8# 1-0


[Site "https://www.chess.com"]

[Event "Titled Tuesday Blitz August 08 Late 2023"]
[White "Holt, Conrad"]
[Black "Weishaeutel, Moritz"]
[WhiteFideId "2034387"]
[BlackFideId "12967300"]
[WhiteElo "2874"]
[BlackElo "2658"]
[Result "1-0"]
[Round "7"]
[TimeControl "180+1"]
[Date "2023.08.08"]
[WhiteClock "0:00:32"]
[BlackClock "0:00:15"]
[Board "26"]

1. d4 Nf6 2. c4 c5 3. d5 b5 4. Nf3 Bb7 5. Nfd2 bxc4 6. e4 e6 7. Bxc4 exd5 8. exd5 d6 9. O-O Be7 10. Qb3 Qb6 11. Bb5+ Nbd7 12. Nc4 Qc7 13. Nc3 O-O 14. Ne3 Ne5 15. Nf5 Rfb8 16. Bg5 h6 17. f4 Neg4 18. Rae1 Bf8 19. h3 hxg5 20. hxg4 Nxg4 21. Qd1 Bc8 22. fxg5 Ne5 23. Rxe5 dxe5 24. d6 Qd8 25. g6 Be6 26. Qh5 fxg6 27. Qxg6 Bxf5 28. Bc4+ Kh8 29. Rxf5 Qh4 30. Qh5+ 1-0


[Site "https://www.chess.com"]

[Event "Titled Tuesday Blitz August 08 Late 2023"]
[White "Khanin, Semen"]
[Black "Tsvetkov, Andrey"]
[WhiteFideId "4111990"]
[BlackFideId "34139360"]
[WhiteElo "2873"]
[BlackElo "2654"]
[Result "1-0"]
[Round "7"]
[TimeControl "180+1"]
[Date "2023.08.08"]
[WhiteClock "0:01:31"]
[BlackClock "0:00:07"]
[Board "27"]

1. e4 c5 2. Nf3 d6 3. Bb5+ Nd7 4. Ba4 Nf6 5. O-O a6 6. c4 e6 7. Nc3 Be7 8. d3 O-O 9. h3 Qc7 10. Qe2 b6 11. Nh2 Bb7 12. f4 Rad8 13. Nf3 b5 14. cxb5 Nb6 15. bxa6 Bxa6 16. Bb5 Bb7 17. a4 Bc6 18. Bd2 Rfe8 19. e5 Nfd5 20. Ne4 Bxb5 21. axb5 dxe5 22. fxe5 c4 23. Nfg5 Qxe5 24. Qh5 Qd4+ 25. Kh1 Bxg5 26. Nxg5 Nf6 27. Rxf6 Qxd3 28. Qxf7+ Kh8 29. Nxe6 Qd7 30. Nxd8 1-0


[Site "https://www.chess.com"]

[Event "Titled Tuesday Blitz August 08 Late 2023"]
[White "Hua, Lefong"]
[Black "Ibarra Jerez, Jose Carlos"]
[WhiteFideId "2602253"]
[BlackFideId "2226332"]
[WhiteElo "2651"]
[BlackElo "2850"]
[Result "0-1"]
[Round "7"]
[TimeControl "180+1"]
[Date "2023.08.08"]
[WhiteClock "0:00:50"]
[BlackClock "0:00:09"]
[Board "28"]

1. d4 Nf6 2. c4 d6 3. Nc3 e5 4. Nf3 e4 5. Ng5 Qe7 6. g3 h6 7. Nh3 c6 8. Bg2 Bf5 9. O-O Qd7 10. Nf4 g5 11. f3 exf3 12. exf3 gxf4 13. Bxf4 Bg7 14. Re1+ Kf8 15. Qd2 Na6 16. a3 h5 17. h4 Nc7 18. d5 cxd5 19. cxd5 Rd8 20. Bg5 Re8 21. Bf1 Kg8 22. Rxe8+ Nfxe8 23. Re1 Nf6 24. Qf2 Nfxd5 25. Nxd5 Nxd5 26. Qxa7 Kh7 27. Qa5 Qc6 28. Rc1 Qb6+ 29. Qxb6 Nxb6 30. Rc7 Kg6 31. Rxb7 Bxb2 32. Be3 Nd5 33. Bf2 Bxa3 34. Bc4 Be6 35. Ra7 Bc5 36. Ra6 Bxf2+ 37. Kxf2 Rd8 38. Bd3+ Kf6 39. Be2 Ne7 40. g4 Ng6 41. Kg3 Ke5 42. Ra5+ d5 43. Bd3 Nf4 44. Bf1 hxg4 45. fxg4 Rg8 46. g5 f6 47. Kf3 fxg5 48. hxg5 Rxg5 49. Ra8 Bg4+ 50. Ke3 d4+ 51. Kd2 Be6 52. Ra5+ Bd5 53. Ra7 Rg1 54. Bb5 Rg2+ 55. Ke1 d3 56. Re7+ Kd4 57. Bxd3 Nxd3+ 58. Kf1 Rf2+ 59. Kg1 Rf8 60. Rg7 Ke3 61. Kh2 Kf2 62. Rg2+ Ke3 63. Rg3+ Bf3 64. Rg7 Nf2 65. Kg1 Ne4 66. Rh7 Rg8+ 67. Kf1 Nd2+ 68. Ke1 Rg1# 0-1


[Site "https://www.chess.com"]

[Event "Titled Tuesday Blitz August 08 Late 2023"]
[White "Pakleza, Zbigniew"]
[Black "Domingo Nunez, Ruben"]
[WhiteFideId "1119290"]
[BlackFideId "22245570"]
[WhiteElo "2814"]
[BlackElo "2635"]
[Result "1-0"]
[Round "7"]
[TimeControl "180+1"]
[Date "2023.08.08"]
[WhiteClock "0:00:07"]
[BlackClock "0:00:13"]
[Board "29"]

1. d4 g6 2. Nf3 Bg7 3. Bf4 Nf6 4. e3 d6 5. h3 O-O 6. Be2 Nbd7 7. O-O b6 8. c3 Bb7 9. Nbd2 Ne4 10. Bh2 e5 11. a4 a5 12. Qb3 Kh8 13. Rfd1 Nxd2 14. Rxd2 e4 15. Ne1 f5 16. Rc1 g5 17. Bb5 Nf6 18. Nc2 Qe7 19. d5 Qf7 20. c4 Qh5 21. Nd4 g4 22. Qd1 Bc8 23. Ne6 Bxe6 24. dxe6 Ng8 25. hxg4 fxg4 26. Bc6 Rad8 27. Bxe4 Rde8 28. Bd5 Nf6 29. Bf4 Bh6 30. g3 Bxf4 31. exf4 Qg6 32. Qe2 Kg7 33. e7 Nxd5 34. exf8=Q+ Kxf8 35. Qd3 Nb4 36. Qxg6 hxg6 37. Kf1 Re4 38. b3 Re7 39. Re2 Rh7 40. Kg2 Na6 41. Rh1 Nc5 42. Rxh7 Kg8 43. Rxc7 1-0


[Site "https://www.chess.com"]

[Event "Titled Tuesday Blitz August 08 Late 2023"]
[White "Zarubitski, Viachaslau"]
[Black "Bazeev, German"]
[WhiteFideId "13509373"]
[BlackFideId "24119350"]
[WhiteElo "2629"]
[BlackElo "2807"]
[Result "1-0"]
[Round "7"]
[TimeControl "180+1"]
[Date "2023.08.08"]
[WhiteClock "0:00:02"]
[BlackClock "0:00:03"]
[Board "30"]

1. e4 g6 2. d4 Bg7 3. Nc3 d6 4. Nf3 Nc6 5. d5 Ne5 6. Nxe5 Bxe5 7. Be3 Bg7 8. Qd2 c6 9. O-O-O Qa5 10. Bd4 Nf6 11. Kb1 c5 12. Be3 Ng4 13. Nb5 Qxd2 14. Bxd2 Nxf2 15. Nc7+ Kd8 16. Nxa8 b6 17. Bb5 Nxh1 18. Rxh1 Bb7 19. Rf1 f6 20. Nxb6 axb6 21. a4 Kc7 22. Bc3 h5 23. b3 Ra8 24. Kb2 Ba6 25. Bxa6 Rxa6 26. Rf3 Ra8 27. Rg3 g5 28. Rh3 h4 29. g4 Kd7 30. Rf3 e6 31. h3 Re8 32. Kc1 Bh8 33. Kd2 exd5 34. exd5 Re4 35. Bb2 c4 36. Bc3 Bg7 37. b4 Re8 38. a5 bxa5 39. bxa5 Rb8 40. Ke3 Rb5 41. Rf5 Ke7 42. Kd4 Rb1 43. Kxc4 Rh1 44. a6 Rb1 45. a7 Ra1 46. Bxa1 1-0


[Site "https://www.chess.com"]

[Event "Titled Tuesday Blitz August 08 Late 2023"]
[White "Goldin, Alexander"]
[Black "Bauman_Guy"]
[WhiteFideId "2019540"]
[WhiteElo "2628"]
[BlackElo "2799"]
[Result "0-1"]
[Round "7"]
[TimeControl "180+1"]
[Date "2023.08.08"]
[WhiteClock "0:00:00"]
[BlackClock "0:00:06"]
[Board "31"]

1. Nf3 d5 2. g3 c6 3. Bg2 Bg4 4. d4 Nd7 5. O-O Ngf6 6. c4 e6 7. Nc3 Bd6 8. Qb3 Qb8 9. Nd2 O-O 10. e4 dxe4 11. Ndxe4 Nxe4 12. Nxe4 Bc7 13. Be3 Rd8 14. Nc3 Nf6 15. d5 cxd5 16. cxd5 e5 17. Bg5 Bb6 18. h3 Bf5 19. Bxf6 gxf6 20. Ne4 Kg7 21. Qf3 Qc8 22. Rac1 Qd7 23. g4 Bxe4 24. Qxe4 Rac8 25. Rxc8 Rxc8 26. Kh1 Qb5 27. b3 Rc3 28. f4 Bd4 29. g5 Re3 30. Qf5 e4 31. gxf6+ Bxf6 32. Rg1 Rg3 33. Kh2 Rg6 34. Qxe4 Qb6 35. Qf3 Bd4 36. Re1 Qd6 37. Re4 Bf6 38. Kh1 h6 39. Rc4 b5 40. Rc6 Qe7 41. Qe4 Qa3 42. Qc2 a5 43. Rc7 Qd6 44. Qc6 Qxf4 45. Qd7 Be5 0-1


[Site "https://www.chess.com"]

[Event "Titled Tuesday Blitz August 08 Late 2023"]
[White "Tristan, Leonardo"]
[Black "Tologon tegin, Semetei"]
[WhiteFideId "113816"]
[BlackFideId "13800574"]
[WhiteElo "2788"]
[BlackElo "2623"]
[Result "0-1"]
[Round "7"]
[TimeControl "180+1"]
[Date "2023.08.08"]
[WhiteClock "0:00:04"]
[BlackClock "0:00:16"]
[Board "32"]

1. d4 d5 2. Nf3 Nf6 3. Bf4 c6 4. e3 Bf5 5. c4 Nbd7 6. Nc3 e6 7. Qb3 Qb6 8. c5 Qxb3 9. axb3 a6 10. h3 Be7 11. b4 Rc8 12. Nd2 Ne4 13. Ncxe4 Bxe4 14. Nxe4 dxe4 15. f3 exf3 16. gxf3 O-O 17. Rg1 Rfe8 18. Bc4 Bf6 19. Bg3 Bd8 20. h4 Bc7 21. Bf2 Nf6 22. e4 Rcd8 23. Rd1 Rd7 24. Ke2 Bf4 25. Be3 Bxe3 26. Kxe3 Red8 27. Rd3 h6 28. Rgd1 Kf8 29. Kf4 Ke7 30. b3 Nh5+ 31. Ke3 Nf6 32. Rg1 Rg8 33. Rd2 g6 34. f4 Rgd8 35. Be2 h5 36. Bf3 Kf8 37. Rg5 Nh7 38. Re5 Nf6 39. f5 exf5 40. exf5 Nd5+ 41. Bxd5 Rxd5 42. Kf4 Rxd4+ 43. Rxd4 Rxd4+ 44. Kg5 Kg7 45. f6+ Kh7 46. Re4 Rxe4 47. b5 Rg4# 0-1


[Site "https://www.chess.com"]

[Event "Titled Tuesday Blitz August 08 Late 2023"]
[White "Fier, Alexandr"]
[Black "Vaibhav Jayant Raut"]
[WhiteFideId "2107139"]
[BlackFideId "5089034"]
[WhiteElo "2779"]
[BlackElo "2607"]
[Result "1-0"]
[Round "7"]
[TimeControl "180+1"]
[Date "2023.08.08"]
[WhiteClock "0:01:36"]
[BlackClock "0:00:02"]
[Board "33"]

1. e4 e5 2. f4 exf4 3. Nf3 d5 4. exd5 Nf6 5. Be2 Nxd5 6. c4 Nf6 7. d4 Bb4+ 8. Nc3 O-O 9. Bxf4 Re8 10. O-O Nc6 11. d5 Ne7 12. Bg5 Ng6 13. Kh1 h6 14. Bd2 c6 15. Bd3 cxd5 16. cxd5 Bxc3 17. bxc3 Qxd5 18. Qc2 Bg4 19. Nd4 Ne5 20. Bb5 Rec8 21. Ba4 Ne4 22. Be1 Nc4 23. Rf4 f5 24. Bb3 b5 25. Qd3 Qe5 26. Rf1 Kh8 27. h3 Nc5 28. Qb1 Ne3 29. Rf2 Ne4 30. hxg4 Nxf2+ 31. Bxf2 Nxg4 32. Bg1 Rxc3 33. Qxf5 Qg3 34. Nf3 Nf2+ 35. Bxf2 Qxf2 36. Bd5 Re8 37. Be4 Kg8 38. Qh7+ Kf8 39. Qh8+ Kf7 40. Bd5+ Ke7 41. Qxg7+ Kd6 42. Qxc3 Kxd5 43. Rd1+ 1-0


[Site "https://www.chess.com"]

[Event "Titled Tuesday Blitz August 08 Late 2023"]
[White "Sun, Rick"]
[Black "Mahdavi, Reza"]
[WhiteFideId "30909481"]
[BlackFideId "12595926"]
[WhiteElo "2592"]
[BlackElo "2764"]
[Result "1/2-1/2"]
[Round "7"]
[TimeControl "180+1"]
[Date "2023.08.08"]
[WhiteClock "0:00:06"]
[BlackClock "0:00:09"]
[Board "34"]

1. d4 Nf6 2. Nc3 d5 3. Bf4 e6 4. e3 Bb4 5. Bd3 O-O 6. Nf3 c5 7. dxc5 Qa5 8. O-O Nbd7 9. Ne2 Bxc5 10. a3 Be7 11. b4 Qb6 12. c4 dxc4 13. Bxc4 Rd8 14. Qb3 Nf8 15. Rac1 Bd7 16. Ne5 Be8 17. Rc2 a5 18. b5 a4 19. Qb2 Rac8 20. Rfc1 Ne4 21. Nc3 Nxc3 22. Rxc3 Bf6 23. Qb4 Rc5 24. Nd3 Rxb5 25. Bxb5 Bxc3 26. Qxc3 Qxb5 27. Ne5 Bc6 28. Nxc6 bxc6 29. h4 Rc8 30. Be5 f6 31. Bd6 Ng6 32. h5 Qxh5 33. Qc4 Qd5 34. Bb4 Qxc4 35. Rxc4 Ne5 36. Re4 c5 37. Bc3 Nc6 38. Rxe6 Kf7 39. Re4 Ra8 40. Kf1 Nd8 41. Ke2 Ne6 42. f4 g6 43. g4 h5 44. f5 Ng5 45. Rc4 h4 46. Rxc5 h3 47. Rc7+ Kg8 48. Bxf6 Ne4 49. Be5 gxf5 50. gxf5 Ra5 51. Rc8+ Kf7 52. Rc7+ Ke8 53. Bf4 Rxf5 54. Rc8+ Kd7 55. Rh8 Rb5 56. Rxh3 Rb3 57. Rh7+ Ke6 58. Rh6+ Kf7 59. Rh5 Rxa3 60. Rf5+ Ke6 61. Re5+ Kf6 62. Rxe4 Ra1 63. Rb4 a3 64. Ra4 a2 65. Ra6+ Kf5 66. Ra5+ Kg4 67. Rg5+ Kh4 68. Ra5 Rg1 69. Rxa2 Rg2+ 70. Kf3 Rxa2 71. Ke4 Kh5 72. Kf3 Kg6 73. Ke4 Kf7 74. Kf5 Ra5+ 75. Ke4 Ke6 76. Kf3 Ra4 77. Kg4 Rb4 78. Kf3 Kf5 79. Kg3 Ke4 80. Kg4 Rb5 81. Kg3 Rb7 82. Kg4 Rg7+ 83. Kh3 Kf5 84. Kh2 Rg6 85. Kh3 Ke4 86. Kh2 Kf3 87. Kh1 Rg4 88. Kh2 Rh4+ 89. Kg1 Rh5 90. Bh2 Rg5+ 91. Kh1 Rd5 92. Bg1 Kg3 93. Bh2+ Kh3 94. Bg1 Rd1 95. e4 Rd7 96. e5 Re7 97. Bh2 Re6 98. Bf4 Kg4 99. Bh2 Kf3 100. Kg1 Rg6+ 101. Kh1 Re6 102. Kg1 Kg4 103. Kg2 Rb6 104. Kh1 Rb2 105. Bg1 Re2 106. Bh2 Re1+ 107. Bg1 Kf5 108. Kg2 Re2+ 109. Kh1 Rxe5 110. Bh2 Re2 111. Bg1 Kg4 112. Bh2 Kf3 113. Bg1 Re6 114. Bh2 Rh6 115. Kg1 Ke4 116. Kg2 Kf5 117. Kh1 Rg6 118. Bg1 Rg8 119. Bh2 Ke6 120. Bg1 Kd5 121. Bh2 Rh8 122. Kg1 Ke4 123. Kh1 Kf3 124. Kg1 Rd8 125. Bc7 Rd1+ 126. Kh2 Rd2+ 127. Kh1 Rd1+ 128. Kh2 Kf2 129. Bb6+ Kf3 130. Bc7 1/2-1/2


[Site "https://www.chess.com"]

[Event "Titled Tuesday Blitz August 08 Late 2023"]
[White "Hambleton, Aman"]
[Black "Musovic, Armin"]
[WhiteFideId "2606577"]
[BlackFideId "939935"]
[WhiteElo "2760"]
[BlackElo "2588"]
[Result "1-0"]
[Round "7"]
[TimeControl "180+1"]
[Date "2023.08.08"]
[WhiteClock "0:00:07"]
[BlackClock "0:00:00"]
[Board "35"]

1. d4 d5 2. Bf4 c5 3. e3 cxd4 4. exd4 Nc6 5. c3 f6 6. Bd3 e5 7. dxe5 fxe5 8. Bg3 Nf6 9. Nd2 Bg4 10. Qb3 Qd7 11. Bb5 Bd6 12. Ngf3 O-O 13. Ne4 Bxf3 14. gxf3 Bc7 15. Rd1 Rad8 16. Nxf6+ gxf6 17. Rxd5 Na5 18. Rxd7+ Nxb3 19. Rxd8 Rxd8 20. axb3 a6 21. Bc4+ Kf8 22. Ke2 b5 23. Bd3 Rb8 24. Ra1 a5 25. Bxh7 Kg7 26. Bf5 Ra8 27. Be4 Ra7 28. h4 a4 29. bxa4 bxa4 30. Kd3 Bb6 31. Kc2 Bc5 32. f4 exf4 33. Bxf4 Bxf2 34. h5 Bc5 35. h6+ Kh8 36. h7 a3 37. b4 Bf8 38. Be3 Re7 39. Kd3 1-0


[Site "https://www.chess.com"]

[Event "Titled Tuesday Blitz August 08 Late 2023"]
[White "Urazayev, Arystanbek"]
[Black "Krishnan, Varun"]
[WhiteFideId "13709810"]
[BlackFideId "5054508"]
[WhiteElo "2749"]
[BlackElo "2580"]
[Result "1-0"]
[Round "7"]
[TimeControl "180+1"]
[Date "2023.08.08"]
[WhiteClock "0:00:36"]
[BlackClock "0:00:06"]
[Board "36"]

1. d4 Nf6 2. c4 c6 3. Nc3 d5 4. Nf3 e6 5. e3 Nbd7 6. Qc2 Bd6 7. b3 O-O 8. Be2 b6 9. Bb2 Bb7 10. O-O Qe7 11. Rfe1 dxc4 12. Bxc4 b5 13. Bd3 e5 14. Ne4 Nxe4 15. Bxe4 h6 16. dxe5 Nxe5 17. Nxe5 Bxe5 18. Bxe5 Qxe5 19. Rac1 Rac8 20. Bf3 Rfd8 21. h3 Rd6 22. Qc5 Qxc5 23. Rxc5 Rd2 24. a4 a6 25. Rec1 bxa4 26. bxa4 Ra2 27. Rb1 Rc7 28. a5 g6 29. h4 h5 30. Rb4 Rd7 31. g3 Kg7 32. Rb1 Ra4 33. Rb2 Ra3 34. Kg2 Ra4 35. Rbc2 Ra3 36. Re5 Ra4 37. Bxc6 Bxc6+ 38. Rxc6 Ra2 39. Rxa6 Rdd2 40. Kf3 Rxf2+ 41. Ke4 Ra4+ 42. Kd5 Rf3 43. Ra7 Rxg3 44. Re4 Rxe4 45. Kxe4 Rg4+ 46. Kd5 Rxh4 47. e4 Rh1 48. e5 Rd1+ 49. Kc4 h4 50. e6 h3 51. Rxf7+ Kh6 52. Rf2 Re1 53. Kd5 g5 54. a6 g4 55. a7 Rd1+ 56. Kc6 Ra1 57. e7 Rxa7 58. e8=Q Rg7 59. Qh8+ Kg6 60. Qh4 Rh7 1-0


[Site "https://www.chess.com"]

[Event "Titled Tuesday Blitz August 08 Late 2023"]
[White "Yanchenko, Roman"]
[Black "Zirkelbach, Maj"]
[WhiteFideId "4137329"]
[BlackFideId "14613395"]
[WhiteElo "2735"]
[BlackElo "2579"]
[Result "1-0"]
[Round "7"]
[TimeControl "180+1"]
[Date "2023.08.08"]
[WhiteClock "0:00:49"]
[BlackClock "0:00:16"]
[Board "37"]

1. d4 Nf6 2. Bf4 d5 3. e3 e6 4. Nf3 c5 5. Nbd2 Nc6 6. Be2 cxd4 7. exd4 Bd6 8. Bxd6 Qxd6 9. O-O O-O 10. Bd3 e5 11. dxe5 Nxe5 12. Nxe5 Qxe5 13. c3 Bg4 14. Qa4 Rfe8 15. h3 Bd7 16. Qd4 Qxd4 17. cxd4 Rac8 18. Rac1 Kf8 19. Nf3 h6 20. Ne5 Be6 21. a3 Ke7 22. f4 Rxc1 23. Rxc1 Rc8 24. Rxc8 Bxc8 25. Kf2 Nd7 26. Ke3 f6 27. Nf3 Kd6 28. Nd2 Nf8 29. Nb1 Ne6 30. Nc3 a6 31. Bf5 Bd7 32. Bxe6 Bxe6 33. Na4 Bc8 34. g4 Bd7 35. Nc5 Bc8 36. f5 b6 37. Nd3 Bd7 38. Nf4 Bc8 39. Nh5 Bd7 40. Nxg7 Ba4 41. b4 a5 42. bxa5 bxa5 43. Kd2 Bb5 44. Ke1 Bd3 45. Kf2 Ke7 46. Ne6 Be4 47. Nc5 Bc2 48. Nb7 a4 49. Nc5 Kd6 50. Ke1 Kc6 51. Kd2 Be4 52. Nxe4 dxe4 53. Ke3 Kd5 54. h4 Kc4 55. g5 hxg5 56. hxg5 fxg5 57. f6 Kb3 58. f7 Kxa3 59. f8=Q+ Kb2 60. Qb4+ Kc2 61. Qxa4+ Kc1 62. Kxe4 g4 63. Qa2 g3 64. Kd3 g2 65. Qa1# 1-0


[Site "https://www.chess.com"]

[Event "Titled Tuesday Blitz August 08 Late 2023"]
[White "Attacker_2006"]
[Black "Akobian, Varuzhan"]
[BlackFideId "13300580"]
[WhiteElo "2578"]
[BlackElo "2733"]
[Result "0-1"]
[Round "7"]
[TimeControl "180+1"]
[Date "2023.08.08"]
[WhiteClock "0:00:12"]
[BlackClock "0:01:52"]
[Board "38"]

1. d4 e6 2. Nc3 d5 3. Bf4 Nf6 4. e3 a6 5. Qf3 c5 6. g4 Nc6 7. O-O-O cxd4 8. exd4 Bb4 9. Nge2 O-O 10. g5 Nd7 11. h4 Nb6 12. h5 Nc4 13. g6 fxg6 14. hxg6 h6 15. Qh5 Bxc3 16. bxc3 Rxf4 17. Nxf4 Qd6 18. Nd3 Qa3+ 19. Kb1 Qxc3 20. Kc1 Qa1# 0-1


[Site "https://www.chess.com"]

[Event "Titled Tuesday Blitz August 08 Late 2023"]
[White "Sam, Gabriel"]
[Black "Do Valle Cardoso, Lucas"]
[WhiteFideId "75000776"]
[BlackFideId "2163144"]
[WhiteElo "2557"]
[BlackElo "2730"]
[Result "0-1"]
[Round "7"]
[TimeControl "180+1"]
[Date "2023.08.08"]
[WhiteClock "0:00:32"]
[BlackClock "0:00:29"]
[Board "39"]

1. e4 e5 2. Nf3 Nc6 3. Bb5 f5 4. Nc3 fxe4 5. Nxe4 d5 6. Nxe5 dxe4 7. Qh5+ g6 8. Nxg6 hxg6 9. Qxh8 Be6 10. b3 Qg5 11. Bxc6+ bxc6 12. Bb2 O-O-O 13. O-O-O Bb4 14. Bc3 Ne7 15. Qf6 Qxf6 16. Bxf6 Rf8 17. Bd4 Nf5 18. Bc3 Bc5 19. Rhf1 Nd6 20. f3 exf3 21. Rxf3 Rxf3 22. gxf3 Bd5 23. d4 Ba3+ 24. Bb2 Bxb2+ 25. Kxb2 Bxf3 26. Rf1 Be4 27. c4 Nf5 28. Rf4 Bh1 29. Rg4 Ne7 30. Kc3 Kd7 31. Kd2 Ke6 32. Rg3 Be4 33. Rg5 Bf5 34. h4 Ng8 35. Rg3 Nf6 36. Re3+ Kd6 37. Kc3 c5 38. dxc5+ Kxc5 39. Re7 Kd6 40. Rg7 a5 41. b4 Ne4+ 42. Kb3 Nd2+ 43. Kc3 Ne4+ 44. Kb3 axb4 45. Kxb4 Kc6 46. a4 Nc5 47. a5 Na6+ 48. Kc3 Kb7 49. Rf7 Bb1 50. Rf6 Nc5 51. Kb4 Nd3+ 52. Kc3 Ne5 53. Rf1 Bf5 54. Rg1 Ka6 55. Rg5 Nf3 56. Rg3 Nxh4 57. Kd4 Kxa5 58. Kc5 Ka6 59. Kc6 Be4+ 60. Kxc7 Ka5 61. Kd6 Kb4 62. c5 Nf5+ 63. Ke6 Nxg3 64. c6 Bxc6 65. Kf6 Be4 66. Kg5 Bf5 67. Kf4 Kc5 68. Kxg3 Kd6 69. Kf4 Kd7 70. Kg5 Ke7 71. Kf4 Ke8 72. Kg5 Kd8 73. Kf4 Kc8 74. Kg5 Kb8 75. Kf4 Ka8 76. Kg5 Ka7 77. Kf4 Ka6 78. Kg5 Ka5 79. Kf4 Ka4 80. Kg5 Ka3 81. Kf4 Ka2 82. Kg5 Ka1 83. Kf4 Bb1 84. Kg5 Kb2 85. Kf4 Kc3 86. Kg5 Kd4 87. Kf4 Bf5 88. Kg5 Ke5 89. Kh4 Kf6 90. Kg3 g5 91. Kf3 Ke5 92. Kg3 g4 93. Kf2 Kf4 94. Kg2 g3 95. Kg1 Be4 96. Kf1 g2+ 97. Kg1 Bb7 98. Kf2 Bc6 99. Kg1 Kf3 100. Kh2 Kf2 101. Kh3 g1=Q 102. Kh4 Qg2 103. Kh5 Qg3 104. Kh6 Qg4 105. Kh7 Qg5 106. Kh8 Kf3 107. Kh7 Kf4 108. Kh8 Kf5 109. Kh7 Kf6 110. Kh8 Qg7# 0-1


[Site "https://www.chess.com"]

[Event "Titled Tuesday Blitz August 08 Late 2023"]
[White "Hnydiuk, Aleksander"]
[Black "Rakotomaharo, Fy Antenaina"]
[WhiteFideId "1109057"]
[BlackFideId "13100050"]
[WhiteElo "2546"]
[BlackElo "2726"]
[Result "0-1"]
[Round "7"]
[TimeControl "180+1"]
[Date "2023.08.08"]
[WhiteClock "0:00:10"]
[BlackClock "0:00:07"]
[Board "40"]

1. d4 d6 2. e4 Nf6 3. Nc3 Nbd7 4. f4 e5 5. Nf3 c6 6. Bc4 Be7 7. dxe5 dxe5 8. fxe5 Ng4 9. Bf4 Qb6 10. Qd2 Qc5 11. e6 Qxc4 12. exd7+ Bxd7 13. h3 Nf6 14. O-O-O Be6 15. Bd6 Rd8 16. e5 Bxd6 17. exd6 O-O 18. Rhf1 b5 19. Ne5 Qc5 20. Qd4 Qxd4 21. Rxd4 c5 22. Rdd1 a6 23. g4 h6 24. h4 Nxg4 25. Nxg4 Bxg4 26. Rd2 Rd7 27. Ne4 Rc8 28. Rg1 h5 29. Rd5 c4 30. Nc5 Rdd8 31. Re1 Rc6 32. Nb7 Rd7 33. Re8+ Kh7 34. Nc5 Rdxd6 35. Rxd6 Rxd6 36. c3 Rd1+ 37. Kc2 Rh1 38. Ne4 Rh2+ 39. Kc1 Rxh4 40. Re5 f6 41. Re7 Rh1+ 42. Kd2 Rd1+ 43. Ke3 Kg6 44. Ra7 Re1+ 45. Kf4 Re2 46. Rxa6 Rxb2 47. Nd6 Rf2+ 48. Kg3 Rf3+ 49. Kg2 Rxc3 50. Nxb5 Rd3 51. Ra7 h4 52. Rc7 Rd2+ 53. Kf1 h3 0-1


[Site "https://www.chess.com"]

[Event "Titled Tuesday Blitz August 08 Late 2023"]
[White "Korchmar, Vasiliy"]
[Black "Papayan, Oleg"]
[WhiteFideId "24131750"]
[BlackFideId "4193911"]
[WhiteElo "2723"]
[BlackElo "2545"]
[Result "1-0"]
[Round "7"]
[TimeControl "180+1"]
[Date "2023.08.08"]
[WhiteClock "0:01:44"]
[BlackClock "0:01:07"]
[Board "41"]

1. e4 e5 2. Nf3 Nc6 3. Bc4 Nf6 4. d3 Bc5 5. c3 d6 6. Bg5 h6 7. Bh4 a6 8. O-O O-O 9. Nbd2 Ba7 10. a4 Be6 11. Re1 Ne7 12. Bxf6 gxf6 13. Nh4 Ng6 14. Nxg6 Bxc4 15. Nxf8 Bxd3 16. Qf3 Bc2 17. Rec1 Bxa4 18. Rxa4 Kxf8 19. Nf1 b5 20. Raa1 a5 21. Ne3 Bxe3 22. Qxe3 Kg7 23. c4 b4 24. b3 Qd7 25. c5 a4 26. c6 Qe6 27. Rxa4 Rxa4 28. bxa4 Qa2 29. Qa7 b3 30. Rf1 b2 31. Qb7 Qa1 32. h3 Qc1 33. a5 d5 34. exd5 e4 35. d6 e3 36. fxe3 Qxe3+ 37. Kh1 Qe2 38. Rg1 cxd6 39. c7 d5 40. c8=Q d4 41. Qg4+ Qxg4 42. hxg4 d3 43. Qxb2 h5 44. Rf1 Kh6 45. Qxf6+ Kh7 46. Rf5 hxg4 47. Rh5+ Kg8 48. Rh8# 1-0


[Site "https://www.chess.com"]